AoeStats
← tinuss

Arena

510710513Analyzed
1v1 RM · 18h ago on Oct 2, 2026· 61m 59s· 2 players
Game mode
Random Map
Map size
Tiny (2 player)
Population
200
Speed
Normal
Resources
Standard
Victory
Conquest
Starting age
Dark Age
Ending age
Imperial Age
RankedLock teamsTeams togetherTeam positionsShared explorationLock speedFull tech treeHidden civsTurbo modeCheats
Victory
Defeat
🇷🇺 Burgundians · Russia
962
+15
🇪🇸 Spanish · Spain
944
-15
tinuss
11:23 Feudal Age
15:29 Castle Age
14:19 Double-Bit Axe
15:02 Horse Collar
16:52 Bow Saw
17:46 Padded Archer Armor
18:57 Loom
23:14 Wheelbarrow
22:49 Heavy Plow
26:24 Leather Archer Armor
26:15 Scale Barding Armor
31:01 Imperial Age
32:11 Scale Mail Armor
32:22 Forging
32:09 Pikeman
34:50 Hand Cart
34:02 Halberdier
34:59 Chain Mail Armor
36:30 Two-Man Saw
36:02 Gold Mining
36:02 Stone Mining
39:45 Plate Mail Armor
40:09 Iron Casting
39:40 Squires
41:53 Chemistry
40:27 Light Cavalry
41:19 Bloodlines
41:38 Chain Barding Armor
41:36 Hussar
43:37 Town Watch
44:54 Blast Furnace
44:30 Plate Barding Armor
44:12 Fletching
44:53 Ring Archer Armor
45:33 Cavalier
47:10 Husbandry
Servelat
5:17 Loom
10:30 Feudal Age
9:19 Double-Bit Axe
17:53 Castle Age
16:01 Horse Collar
16:27 Stone Mining
19:18 Fletching
19:55 Bodkin Arrow
20:55 Wheelbarrow
27:05 Imperial Age
25:17 Bow Saw
28:24 Hand Cart
29:39 Bracer
29:51 Forging
29:47 Scale Barding Armor
32:01 Heavy Plow
32:40 Conscription
33:01 Iron Casting
32:50 Chain Barding Armor
35:49 Elite Coustillier
38:38 Plate Barding Armor
40:08 Blast Furnace
39:45 Masonry
40:04 Murder Holes
40:20 Fortified Wall
39:56 Arrowslits
41:26 Architecture
42:27 Ballistics
43:09 Town Watch
44:03 Burgundian Vineyards
44:14 Town Patrol
46:14 Husbandry
Connection lost

Rejoining the realm…

Still unreachable

The connection could not be restored.

Session expired

The server has moved on; the page needs a fresh start.